 Dungeon Crawl Stone Soup version 0.28.0-53-g5a82cb258f (webtiles) character file.

Game seed: 17144173701700203037

7351 Zeld the Thrower (level 10, -4/102 HPs)
             Began as a Troll Hunter on May 26, 2022.
             Was an Elder of Okawaru.
             Slain by a komodo dragon (20 damage)
             ... on level 10 of the Dungeon.
             The game lasted 00:19:48 (12007 turns).

Zeld the Thrower (Troll Hunter)                    Turns: 12007, Time: 00:19:49

Health: -4/102     AC:  8    Str: 26    XL:     10   Next: 91%
Magic:  9/9        EV: 11    Int:  7    God:    Okawaru [****..]
Gold:   87         SH:  0    Dex: 10    Spells: 9/9 levels left

rFire   . . .      SeeInvis .   a - +2 whip (elec)
rCold   . . .      Faith    .   (no shield)
rNeg    . . .      Spirit   .   u - +0 steam dragon scales
rPois   .          Reflect  .   (helmet restricted)
rElec   .          Harm     .   t - +0 cloak
rCorr   .          Rampage  .   (gloves unavailable)
Will    .....                   (boots unavailable)
Stlth   ++........              (no amulet)
HPRegen 1.07/turn               (no ring)
MPRegen 0.11/turn               (no ring)

@: no status effects
A: large, unfitting armour, claws 3, regeneration 1, shaggy fur 1, tough skin 1
a: Renounce Religion, Heroism, Finesse


You were on level 10 of the Dungeon.
You worshipped Okawaru.
Okawaru was greatly pleased with you.
You visited 2 branches of the dungeon, and saw 11 of its levels.
You also visited: Ossuary.

You collected 571 gold pieces.
You spent 484 gold pieces at shops.

Inventory:

Hand Weapons
 a - a +2 whip of electrocution (weapon)
Missiles
 o - a boomerang (quivered)
 r - 25 poisoned darts
Armour
 t - a +0 cloak (worn)
 u - +0 steam dragon scales (worn)
Wands
 q - a wand of polymorph (9)
 v - a wand of iceblast (20)
 w - a wand of flame (20)
 K - a wand of acid (4)
Scrolls
 c - a scroll of enchant armour
 e - 2 scrolls of enchant weapon
 g - a scroll of acquirement {unknown}
 h - 2 scrolls of identify
 i - 8 scrolls of teleportation
 m - 4 scrolls of fear
 D - a scroll of magic mapping
 H - a scroll of fog
 J - a scroll of amnesia
Potions
 b - a potion of resistance {unknown}
 d - 2 potions of brilliance {unknown}
 f - a potion of might {unknown}
 j - 7 potions of curing {unknown}
 k - 4 potions of berserk rage {unknown}
 l - 3 potions of lignification {unknown}
 n - 2 potions of heal wounds
 p - 2 potions of haste {unknown}
 s - a potion of mutation {unknown}
 x - a potion of magic {unknown}
 z - 4 potions of cancellation {unknown}
 A - 2 potions of flight {unknown}
 B - a potion of attraction {unknown}
 E - a potion of ambrosia {unknown}
Miscellaneous
 G - a piece from Xom's chessboard (15/15)


   Skills:
 + Level 7.1 Fighting
 * Level 11.4 Throwing
 + Level 7.1 Dodging
 - Level 2.0 Stealth


You had 9 spell levels left.
You didn't know any spells.
Your spell library was empty.

Dungeon Overview and Level Annotations

Branches:
Dungeon (10/15)            Temple (1/1) D:4            Lair (0/6) D:8
Ossuary (visited)
    Orc: D:9-12

Altars:
Ashenzari
Cheibriados
Dithmenos
Elyvilon
Fedhas
Gozag
Hepliaklqana
Kikubaaqudgha
Makhleb
Okawaru
Qazlal
Ru
Sif Muna
Trog
Uskayaw
Vehumet
Wu Jian
Xom
Yredelemnul
Zin
The Shining One

Shops:
D:4 :[?   D:7 !


Innate Abilities, Weirdness & Mutations

You are too large for most types of armour.
You have claws for hands.
Your natural rate of healing is unusually fast.
You are covered in fur. (AC +1)
You have tough skin. (AC +1)


Message History

The silver javelin pierces through the komodo dragon.
The komodo dragon is moderately wounded.
The komodo dragon bites you!!
* * * LOW HITPOINT WARNING * * *
The frilled lizard closely misses you.
Throw: boomerang
Press: ? - help, Shift-Dir - straight line, f/p - komodo dragon
Aim: a komodo dragon (moderately wounded, 72% to hit)
Okay, then.
Throw: 4 javelins (silver)
Press: ? - help, Shift-Dir - straight line, f/p - komodo dragon
Aim: a komodo dragon (moderately wounded, 72% to hit)
You throw a silver javelin.
The silver javelin pierces through the komodo dragon but does no damage.
The komodo dragon is moderately wounded.
The komodo dragon closely misses you. The frilled lizard barely misses you.
Unknown command.
Throw: 3 javelins (silver)
Press: ? - help, Shift-Dir - straight line, f/p - komodo dragon
Aim: a komodo dragon (moderately wounded, 72% to hit)
You throw a silver javelin.
The silver javelin barely misses the komodo dragon.
The komodo dragon barely misses you. The frilled lizard closely misses you.
Unknown command.
Throw: 2 javelins (silver)
Press: ? - help, Shift-Dir - straight line, f/p - komodo dragon
Aim: a komodo dragon (moderately wounded, 72% to hit)
You throw a silver javelin.
The silver javelin barely misses the komodo dragon.
The komodo dragon bites you!
* * * LOW HITPOINT WARNING * * *
Throw: javelin (silver)
Press: ? - help, Shift-Dir - straight line, f/p - komodo dragon
Aim: a komodo dragon (moderately wounded, 72% to hit)
You throw a silver javelin.
The silver javelin pierces through the komodo dragon!
The komodo dragon is heavily wounded.
The frilled lizard bites you but does no damage.
The komodo dragon bites you!!
You die...

...................##........
........................#
...................!..l.#
..............#......#.##
..##.#.......###.....#...
.....##.......###....#####
#.#............####....#...
................#l..........
...........##...@l..(#..##..
...........###...##..#..#
)...........#....##......#
#.....#.............###..#
##...................# ...
##..................# ...
#....................
#....##...##.....#....
(.........###.........


You could see a komodo dragon and a frilled lizard.

Vanquished Creatures
  A two-headed ogre (D:10)
  Pikel (D:7)
  A manticore (D:8)
  2 gargoyles
  A komodo dragon (D:8)
  2 wyverns
  3 wraiths
  2 steam dragons
  Grum (D:8)
  Edmund (D:4)
  4 water moccasins
  2 orc warriors
  A hornet zombie (D:8)
  2 ice beasts (D:5)
  2 wolves (D:8)
  2 centaurs (D:9)
  4 ogres
  A phantom (D:5)
  3 kobold brigands
  3 bullfrogs
  2 scorpions
  A water moccasin skeleton (D:7)
  2 wights (Ossuary)
  3 centaur zombies
  2 jellies
  3 hounds
  2 centaur skeletons
  A gnoll shaman (D:9)
  An orc priest (D:3)
  Jessica (D:2)
  Natasha (thrice) (D:2)
  2 iguanas
  9 orc wizards
  A killer bee zombie (D:5)
  A hound skeleton (D:5)
  5 adders
  3 gnolls (D:9)
  2 white imps (D:6)
  2 ufetubi (D:5)
  An adder zombie (Ossuary)
  2 worms
  5 dart slugs
  34 orcs
  13 ball pythons
  8 endoplasms
  A giant cockroach (D:3)
  5 goblins
  11 hobgoblins
  5 jackals
  17 kobolds
  3 quokkas
  7 bats
  5 frilled lizards
  A hobgoblin skeleton (Ossuary)
  4 hobgoblin zombies (Ossuary)
  A kobold zombie (Ossuary)
  An orc skeleton (Ossuary)
  An orc zombie (Ossuary)
  5 rats
215 creatures vanquished.

Vanquished Creatures (others)
  3 plants (D:8)
3 creatures vanquished.

Grand Total: 218 creatures vanquished

Notes
Turn   | Place    | Note
-------+----------+-------------------------------------------
     0 | D:1      | Zeld the Troll Hunter began the quest for the Orb.
     0 | D:1      | Reached XP level 1. HP: 19/19 MP: 0/0
    50 | D:1      | Reached XP level 2. HP: 27/28 MP: 1/1
   359 | D:1      | Found a faded altar of an unknown god.
   388 | D:1      | Reached skill level 4 in Throwing
   452 | D:1      | Reached XP level 3. HP: 35/35 MP: 0/2
   653 | D:2      | Noticed Jessica
   695 | D:2      | Killed Jessica
   696 | D:2      | Reached skill level 1 in Stealth
   741 | D:2      | Reached XP level 4. HP: 42/42 MP: 1/3
  1059 | D:2      | Noticed Natasha
  1073 | D:2      | Killed Natasha
  1338 | D:2      | Noticed Natasha
  1346 | D:2      | Killed Natasha
  1347 | D:2      | Reached XP level 5. HP: 39/50 MP: 1/4
  1402 | D:2      | Noticed Natasha
  1410 | D:2      | Killed Natasha
  1851 | D:3      | Found a snail-covered altar of Cheibriados.
  2087 | D:3      | Reached skill level 5 in Throwing
  2346 | D:3      | Found a shimmering altar of Xom.
  2447 | D:4      | Noticed an ogre
  2458 | D:4      | Killed an ogre
  2459 | D:4      | Reached XP level 6. HP: 49/59 MP: 1/5
  2972 | D:4      | Noticed Edmund
  3128 | D:4      | Killed Edmund
  3261 | D:3      | Reached XP level 7. HP: 37/67 MP: 6/6
  3380 | D:4      | Found a blossoming altar of Fedhas.
  3452 | D:4      | Found a staircase to the Ecumenical Temple.
  3472 | Temple   | Entered the Ecumenical Temple
  3624 | Temple   | Became a worshipper of Warmaster Okawaru
  3648 | D:4      | Found Butumn's Book Shoppe.
  3652 | D:4      | Found Uckol's Armour Shoppe.
  3674 | D:4      | Found Fituir's Magic Scroll Boutique.
  3682 | D:4      | Bought a scroll of fear for 45 gold pieces
  3682 | D:4      | Bought a scroll of blinking for 97 gold pieces
  3752 | D:5      | Entered Level 5 of the Dungeon
  3901 | D:5      | Reached skill level 6 in Throwing
  4085 | D:5      | Found a burning altar of Makhleb.
  4435 | D:5      | HP: 2/61 [ogre/+0 giant club (30)]
  4463 | D:5      | Reached * piety under Okawaru
  4585 | D:5      | Reached XP level 8. HP: 68/78 MP: 7/7
  4792 | D:6      | Found a sand-covered staircase.
  4804 | Ossuary  | Entered an ossuary
  4904 | Ossuary  | Noticed a flying skull
  4943 | Ossuary  | Noticed a flying skull
  4961 | Ossuary  | Reached skill level 7 in Throwing
  5321 | D:6      | Noticed a gargoyle
  5334 | D:6      | HP: 1/79 [gargoyle/+0 mace (21)]
  5335 | D:6      | Killed a gargoyle
  5336 | D:6      | Reached skill level 8 in Throwing
  5977 | D:6      | Found a hazy altar of Hepliaklqana.
  6001 | D:6      | Reached XP level 9. HP: 83/87 MP: 8/8
  6002 | D:6      | Reached ** piety under Okawaru
  6003 | D:6      | Reached skill level 5 in Fighting
  6169 | D:6      | Reached skill level 5 in Dodging
  6903 | D:7      | Reached skill level 9 in Throwing
  7433 | D:7      | Found Voucu's Distillery.
  7443 | D:7      | Bought a potion of heal wounds for 75 gold pieces
  7443 | D:7      | Bought a potion of heal wounds for 75 gold pieces
  7443 | D:7      | Bought a potion of heal wounds for 75 gold pieces
  7895 | D:8      | Noticed Pikel
  7935 | D:7      | Killed Pikel
  7935 | D:7      | Reached *** piety under Okawaru
  8169 | D:8      | Noticed a manticore
  8213 | D:8      | Reached XP level 10. HP: 66/98 MP: 9/9
  8485 | D:8      | Reached skill level 10 in Throwing
  8654 | D:8      | Found a staircase to the Lair.
  8882 | D:8      | Noticed Grum
  9552 | D:8      | Killed Grum
  9647 | D:8      | Reached **** piety under Okawaru
  9708 | D:8      | Killed a manticore
 11096 | D:10     | Entered Level 10 of the Dungeon
 11202 | D:4      | Bought a scroll of teleportation for 39 gold pieces
 11202 | D:4      | Bought a scroll of teleportation for 39 gold pieces
 11202 | D:4      | Bought a scroll of teleportation for 39 gold pieces
 11350 | D:10     | Noticed a two-headed ogre
 11443 | D:10     | Noticed a gargoyle
 11903 | D:10     | Reached skill level 11 in Throwing
 11909 | D:10     | Killed a two-headed ogre
 11944 | D:10     | Killed a gargoyle
 12007 | D:10     | Slain by a komodo dragon

Illustrated notes

Levels and vault maps discovered:
D:1:      psy_arrival_statuary, layout_loops_ring,
          shapermc_ecumenical_altar_acropolis, minmay_pentomino_r2
D:2:      layout_rooms, uniq_jessica, uniq_natasha
D:3:      layout_basic, mainiacjoe_overflow_concentric_impassable,
          mainiacjoe_overflow_alcove_2
D:4:      layout_cave_pools, mainiacjoe_overflow_six_doors_small,
          minmay_temple_entry_statues_pillars, serial_shops,
          kennysheep_little_box, nicolae_shop_behind_doors, shop_fountains,
          uniq_edmund
D:5:      layout_loops_ring, makhleb_altar_promises_db
D:6:      layout_loops_ring, amcnicky_altar_gilded,
          lightli_ossuary_entry_decrepit_ruins
D:7:      layout_cave_pods, serial_shops, nicolae_lakefront_shop
D:8:      layout_loops_ring, david_lair_shrubbed, uniq_pikel, uniq_grum
D:9:      layout_loops_ring
D:10:     lemuel_reptile_caves, layout_cave_pools, nemelex_diamond_rough_becter
Temple:   eino_temple_rhombus

Skill      XL: |  1  2  3  4  5  6  7  8  9 10 |
---------------+-------------------------------+-----
Throwing       | 4 5 6 8 9 11 | 11.4
Fighting       | 2 3 4 6 7 |  7.1
Dodging        | 2 3 4 6 7 |  7.1
Stealth        | 1 2 |  2.0

Action                   |  1- 3 |  4- 6 |  7- 9 | 10-12 || total
-------------------------+-------+-------+-------+-------++-------
Melee: Unarmed           |    13 |       |       |       ||    13
       Short sword       |    81 |   234 |       |       ||   315
       Punch             |     1 |     1 |     5 |     1 ||     8
       Whip              |       |     7 |   395 |   242 ||   644
Throw: Large rock        |       |     9 |     5 |    19 ||    33
       Throwing net      |       |     3 |       |     1 ||     4
       Dart              |       |     4 |    15 |    29 ||    48
       Javelin           |       |       |     9 |    10 ||    19
       Boomerang         |       |       |       |     1 ||     1
Evoke: Wand              |       |       |     1 |       ||     1
  Use: Scroll            |       |       |     1 |    10 ||    11
       Potion            |       |       |       |     2 ||     2
 Stab: Sleeping          |       |     1 |     7 |       ||     8
       Held in net/web   |       |     1 |       |     1 ||     2
Armor: Robe              |    41 |    91 |   147 |     3 ||   282
       Steam dragon scal |       |       |       |   108 ||   108
       Skin              |       |       |       |     2 ||     2
Dodge: Dodged            |    62 |   155 |   252 |   172 ||   641
